 Dungeon Crawl Stone Soup version 0.20-a0-507-gc86f373 (webtiles) character file.

64 Kidiri the Magician (level 3, -1/19 HPs)
             Began as a Deep Elf Fire Elementalist on Jan 20, 2017.
             Slain by a worm (10 damage)
             ... on level 2 of the Dungeon on Jan 21, 2017.
             The game lasted 00:04:36 (1768 turns).

Kidiri the Magician (Deep Elf Fire Elementalist)    Turns: 1768, Time: 00:04:36

Health: -1/19      AC:  2    Str:  5    XL:     3   Next: 91%
Magic:  5/11       EV: 13    Int: 20    God:
Gold:   97         SH:  0    Dex: 15    Spells: 2/11 levels left

rFire    . . .     SeeInvis +   i - +0 dagger
rCold    . . .     Gourm    .   a - +0 robe
rNeg     . . .     Faith    .   (no shield)
rPois    .         Spirit   .   (no helmet)
rElec    .         Reflect  .   (no cloak)
rCorr    .         Harm     .   (no gloves)
MR       .....                  (no boots)
Stlth    ++........             (no amulet)
Regen    0.1/turn               (no ring)
                                f - ring of see invisible

@: very slightly contaminated
A: no striking features
a: no special abilities


You were on level 2 of the Dungeon.
You were not hungry.

You visited 1 branch of the dungeon, and saw 2 of its levels.

You collected 97 gold pieces.

Inventory:

Hand Weapons
 i - a +0 dagger (weapon)
Armour
 a - a +0 robe (worn)
Jewellery
 f - a ring of see invisible (left hand)
Scrolls
 g - a scroll of fog {unknown}
 h - a scroll of identify {unknown}
Potions
 d - a potion of mutation {unknown}
 e - a potion of heal wounds {unknown}
Books
 b - a book of Flames

   Spells                             Type                      Level
   a - Flame Tongue                   Conjuration/Fire             1
   b - Throw Flame                    Conjuration/Fire             2
   c - Conjure Flame                  Conjuration/Fire             3
   d - Inner Flame                    Hexes/Fire                   3
   e - Sticky Flame                   Conjuration/Fire             4
   f - Fireball                       Conjuration/Fire             5
Comestibles
 c - a bread ration
 j - 2 chunks of flesh


   Skills:
 - Level 2.4 Dodging
 - Level 2.4 Stealth
 * Level 4.6 Spellcasting
 + Level 2.3 Conjurations
 + Level 3.8 Fire Magic


You had 2 spell levels left.
You knew the following spells:

 Your Spells              Type           Power        Failure   Level  Hunger
a - Flame Tongue          Conj/Fire      ###..        3%          1    None
b - Throw Flame           Conj/Fire      ###...       6%          2    #......
c - Conjure Flame         Conj/Fire      ###.....     12%         3    ##.....
d - Inner Flame           Hex/Fire       ##......     17%         3    ##.....


Dungeon Overview and Level Annotations

Branches:
Dungeon (2/15)

Altars:
Trog


Message History

The worm is heavily wounded.
Casting: Flame Tongue
Confirm with . or Enter, or press ? or * to list all spells.
Aiming: Flame Tongue
Press: ? - help, Shift-Dir - straight line, f/p - worm
Aim: a worm (heavily wounded)
The flame tongue hits the worm.
The worm is almost dead.
The worm bites you!
Ouch! That really hurt!
Casting: Flame Tongue
Confirm with . or Enter, or press ? or * to list all spells.
Aiming: Flame Tongue
Press: ? - help, Shift-Dir - straight line, f/p - worm
Aim: a worm (almost dead)
The flame tongue hits the worm.
The worm is almost dead.
The worm bites you!
Ouch! That really hurt!
You die...

..# ..#### ?....#
#....### #....#
##..[.... #....#
.#....(# ##....#
.#.....##### #.w...#
.##...........#.@...#
..............#.....#
..............#.....#
..............#.....#
..............#.....#
....##........#.....#
....##.######.......#
....##.# #.......#
###...(######....####


You could see a worm.

Vanquished Creatures
  A gnoll (D:1)
  2 adders (D:2)
  An ooze (D:1)
  2 dart slugs (D:1)
  A leopard gecko (D:1)
  A giant cockroach (D:2)
  5 goblins
  4 jackals (D:2)
  3 kobolds (D:1)
  2 bats
  A frilled lizard (D:2)
  5 rats (D:1)
28 creatures vanquished.

Vanquished Creatures (others)
  A goblin (D:2)
1 creature vanquished.

Grand Total: 29 creatures vanquished

Notes
Turn   | Place    | Note
-------+----------+-------------------------------------------
     0 | D:1      | Kidiri the Deep Elf Fire Elementalist began the quest for the Orb.
     0 | D:1      | Reached XP level 1. HP: 10/10 MP: 6/6
     1 | D:1      | Upgraded the game from 0.20-a0-502-g555d78b to 0.20-a0-507-gc86f373
   391 | D:1      | Reached XP level 2. HP: 10/15 MP: 5/8
   395 | D:1      | Learned a level 2 spell: Throw Flame
   729 | D:1      | Reached skill level 4 in Spellcasting
   800 | D:1      | Reached XP level 3. HP: 8/19 MP: 3/10
   805 | D:1      | Learned a level 3 spell: Conjure Flame
   809 | D:1      | Learned a level 3 spell: Inner Flame
  1613 | D:2      | Found a bloodstained altar of Trog.
  1768 | D:2      | Slain by a worm

Vault maps used:
D:1:      dpeg_arrival_ratfight
D:2:      trog_book

Skill      XL: |  1  2  3 |
---------------+----------+-----
Spellcasting   | 4 |  4.6
Conjurations   | 2 |  2.3
Dodging        | |  2.4
Stealth        | |  2.4
Fire Magic     | |  3.8

Action                   || total
-------------------------++-------
Melee: Short sword       ||     1
       Dagger            ||    10
 Cast: Flame Tongue      ||    58
  Use: Scroll            ||     2
 Stab: Sleeping          ||     3
  Eat: Chunk             ||     2
Armor: Robe              ||     6
Dodge: Dodged            ||    27
